 Dungeon Crawl Stone Soup version 0.26.1-2-gb8aa6d0cf2 (webtiles) character file.

Game seed: 10366146884314453410

75 promet the Skirmisher (level 4, -1/45 HPs)
             Began as a Troll Fighter on Mar 25, 2021.
             Blown up by Ijyb (21 damage)
             ... with a disintegration bolt
             ... on level 3 of the Dungeon.
             The game lasted 00:07:29 (2454 turns).

promet the Skirmisher (Troll Fighter)               Turns: 2454, Time: 00:07:30

Health: -1/45      AC:  6    Str: 24    XL:     4   Next: 11%
Magic:  0/3        EV:  8    Int:  5    God:
Gold:   91         SH:  8    Dex:  9    Spells: 3/3 levels left

rFire    . . .     SeeInvis .   a - +0 war axe
rCold    . . .     Faith    .   c - +0 kite shield
rNeg     . . .     Spirit   +   b - +0 robe
rPois    .         Reflect  .   (helmet restricted)
rElec    .         Harm     .   (no cloak)
rCorr    .         Rampage  .   (gloves unavailable)
Will     .....                  (boots unavailable)
Stlth    +.........             l - amulet of guardian spirit
HPRegen  0.55/turn              (no ring)
MPRegen  0.08/turn              (no ring)

@: no status effects
A: large, unfitting armour, claws 3, regeneration 1, shaggy fur 1, tough skin 3
a: no special abilities


You were on level 3 of the Dungeon.
You visited 1 branch of the dungeon, and saw 3 of its levels.

You collected 91 gold pieces.

Inventory:

Hand Weapons
 a - a +0 war axe (weapon)
 q - a +0 trident
 r - a +0 short sword of speed
 s - a +3 whip of freezing
Missiles
 e - 82 stones (quivered)
 h - 38 arrows
 i - 39 bolts
Armour
 b - a +0 robe (worn)
 c - a +0 kite shield (worn)
Jewellery
 k - an uncursed amulet of faith
 l - an amulet of guardian spirit (around neck)
 n - a cursed ring of attention {unknown}
 p - an uncursed amulet of magic regeneration {unknown}
Potions
 d - 4 potions of might
 f - 3 potions of attraction
 g - a potion of flight
 m - a potion of curing {unknown}
 o - 2 potions of lignification {unknown}
 t - a potion of heal wounds {unknown}


   Skills:
 * Level 3.0 Fighting
 + Level 2.3 Axes
 + Level 2.9 Dodging
 + Level 0.1 Stealth
 + Level 2.6 Shields


You had 3 spell levels left.
You didn't know any spells.
Your spell library was empty.

Dungeon Overview and Level Annotations

Branches:
Dungeon (3/15)

Altars:

Annotations:
D:3 Ijyb


Innate Abilities, Weirdness & Mutations

You are too large for most types of armour.
You have claws for hands.
Your natural rate of healing is unusually fast.
You are covered in fur. (AC +1)
You have extremely tough skin. (AC +3)


Message History

Ijyb hits you but does no damage.
You closely miss Ijyb.
Ijyb is moderately wounded.
Ijyb zaps a wand.
You are blasted!
You hit Ijyb but do no damage.
Ijyb is moderately wounded.
Ijyb hits you.
You closely miss Ijyb.
Ijyb is moderately wounded.
Ijyb zaps a wand.
You are blasted!
You hit Ijyb but do no damage.
Ijyb is moderately wounded.
Ijyb hits you.
Your +3 whip of freezing stops glowing.
a - a +0 war axe (weapon)
Ijyb barely misses you.
You hit Ijyb but do no damage.
Ijyb is moderately wounded.
Ijyb closely misses you.
Ijyb zaps a wand.
You are blasted!
You die...

######### #### #..@g...#
#######...
#.#####....^........ #.#
#########.#P ####.####
..........#P #.......#
#########.#P #.##.##.#.##
#.#.
####.##.##....#########.#.
#.......................#.
#.##.##.##.....######...#.


You could see Ijyb.

Vanquished Creatures
  An adder (D:2)
  2 worms
  2 dart slugs
  3 leopard geckos (D:1)
  An orc (D:3)
  7 bats
  2 giant cockroaches
  6 goblins
  4 hobgoblins
  2 jackals (D:3)
  3 kobolds (D:3)
  2 quokkas (D:3)
  3 ball pythons
  9 frilled lizards (D:1)
  4 rats
51 creatures vanquished.

Vanquished Creatures (others)
  5 plants (D:1)
5 creatures vanquished.

Grand Total: 56 creatures vanquished

Notes
Turn   | Place    | Note
-------+----------+-------------------------------------------
     0 | D:1      | promet the Troll Fighter began the quest for the Orb.
     0 | D:1      | Reached XP level 1. HP: 22/22 MP: 0/0
   552 | D:1      | Reached XP level 2. HP: 29/29 MP: 1/1
  1441 | D:2      | Reached XP level 3. HP: 36/36 MP: 2/2
  2038 | D:3      | Reached skill level 3 in Fighting
  2261 | D:3      | Reached XP level 4. HP: 29/45 MP: 3/3
  2443 | D:3      | Noticed Ijyb
  2454 | D:3      | Blown up by Ijyb

Illustrated notes

Levels and vault maps discovered:
D:1:      sevenhm_arrival_forest_fort_large_2, layout_basic, minmay_lizard_king
D:2:      layout_basic
D:3:      cheibrodos_old_hovel, layout_loops_ring, uniq_ijyb

Skill      XL: |  1  2  3 |
---------------+----------+-----
Axes           | 2 |  2.3
Fighting       | 3 |  3.0
Dodging        | |  2.9
Stealth        | |  0.1
Shields        | |  2.6

Action                   |  1- 3 |  4- 6 || total
-------------------------+-------+-------++-------
Melee: War axe           |   111 |     1 ||   112
       Short sword       |    19 |       ||    19
       Trident           |     2 |       ||     2
       Whip              |       |    15 ||    15
Throw: Stone             |    10 |       ||    10
  Use: Scroll            |     4 |       ||     4
       Potion            |       |     1 ||     1
 Stab: Sleeping          |     1 |       ||     1
Armor: Robe              |    54 |     1 ||    55
Dodge: Dodged            |    60 |     4 ||    64
Block: Kite shield       |    63 |     6 ||    69
